Map: Acid Plant LE

Players

Lambo

  • Race: Zerg Zerg
  • Spawn Location: 11:00

MaSa - Winner!

  • Race: Terran Terran
  • Spawn Location: 5:00

Event: WCS Austin 2018

VOD

Have the link to the VOD?

Description

Time

  • Played on: June 1, 2018, 10:02 p.m.
  • Length: 7:06

All games in this series

Show
View Real Time Build Order
Export as new Build Order

Lambo Zerg 

Build Orders: Hatch First 

Get SALT Encoding   

  12  0:00  Drone  
  13  0:13  Overlord  
  13  0:17  Drone  
  14  0:31  Drone x2  
  16  0:48  Hatchery  
  15  0:52  Drone  
  15  0:55  Drone  
  17  1:10  Spawning Pool  
  16  1:13  Extractor  
  16  1:14  Drone  
  16  1:17  Drone  
  17  1:21  Drone  
  18  1:29  Drone  
  19  1:40  Drone  
  20  1:50  Drone  
  21  1:59  Queen  
  21  2:00  Queen  
  25  2:05  Zergling x2  
  25  2:06  Spine Crawler, Zergling x2  
  26  2:11  Zergling x2  
  27  2:25  Metabolic Boost  
  27  2:28  Overlord  
  28  2:32  Overlord  
  28  2:45  Queen  
  28  2:50  Drone x4  
  33  2:57  Hatchery  
  32  3:01  Drone  
  32  3:04  Drone  
  34  3:06  Drone  
  34  3:08  Drone  
  34  3:10  Drone  
  37  3:17  Queen  
  39  3:21  Overlord  
  39  3:26  Overlord  
  39  3:40  Drone x4  
  43  3:45  Drone x2  
  43  3:46  Drone x2  
  43  3:47  Drone  
  48  3:52  Lair  
  48  3:58  Roach Warren  
  48  4:00  Drone  
  48  4:02  Extractor x2  
  46  4:06  Queen  
  46  4:07  Drone  
  46  4:09  Drone  
  50  4:10  Drone  
  50  4:12  Drone  
  52  4:17  Pneumatized Carapace  
  52  4:18  Overlord  
  52  4:21  Drone  
  52  4:23  Drone  
  52  4:24  Drone  
  55  4:39  Overlord  
  55  4:42  Zergling x4  
  57  4:46  Roach x4  
  58  4:54  Roach x5  
  64  5:04  Roach x2  
  66  5:14  Queen  
  66  5:17  Overseer  
  66  5:20  Roach  
  70  5:22  Overlord  
  70  5:27  Zergling x2  
  71  5:31  Ravager  
  71  5:34  Zergling x4  
  74  5:36  Overlord  
  70  5:50  Ravager x2  
  70  5:51  Zergling x4  
  74  5:57  Ravager  
  74  6:01  Zergling x2  
  74  6:02  Zergling x4  
  74  6:07  Zergling x4  
  76  6:14  Ravager  
  76  6:15  Ravager, Zergling x4  
  77  6:20  Zergling x2  
  77  6:25  Ravager  
  77  6:27  Zergling x4  
  77  6:36  Zergling x6  
  80  6:42  Zergling x4  
Show
View Real Time Build Order
Export as new Build Order

MaSa Terran - Winner!

Build Orders: Reaper Expand 

Get SALT Encoding   

  12  0:00  SCV  
  13  0:12  SCV  
  14  0:17  Supply Depot  
  14  0:24  SCV  
  15  0:39  SCV  
  15  0:40  Barracks  
  16  0:43  Refinery  
  16  0:51  SCV  
  17  1:03  SCV  
  18  1:15  SCV  
  19  1:27  Reaper  
  19  1:28  Orbital Command  
  20  1:43  Bunker  
  20  1:50  Command Center  
  20  1:54  SCV  
  21  1:59  Marine  
  22  2:04  Supply Depot  
  22  2:07  SCV  
  23  2:16  Factory  
  23  2:23  Barracks Reactor  
  23  2:25  SCV  
  24  2:37  SCV  
  25  2:50  SCV  
  26  2:52  Command Center  
  26  3:02  SCV  
  26  3:04  Starport  
  27  3:07  Orbital Command  
  27  3:14  Hellion  
  27  3:17  SCV  
  30  3:23  Hellion  
  32  3:28  Refinery  
  32  3:31  SCV  
  33  3:36  SCV  
  33  3:41  Barracks Tech Lab  
  34  3:43  Medivac  
  34  3:45  SCV  
  37  3:49  SCV  
  37  3:51  Hellion  
  37  3:53  Hellion  
  42  3:57  SCV  
  42  4:01  SCV  
  44  4:06  Orbital Command  
  44  4:08  Barracks Tech Lab  
  44  4:13  SCV  
  49  4:18  Starport Reactor  
  49  4:19  SCV  
  46  4:24  Barracks  
  46  4:26  Supply Depot, Siege Tank  
  46  4:27  Barracks  
  46  4:28  SCV  
  50  4:34  Engineering Bay  
  50  4:39  Engineering Bay, SCV x2  
  50  4:45  SCV  
  53  4:46  Supply Depot  
  53  4:51  SCV x2  
  55  4:57  SCV  
  56  5:00  Refinery x2  
  56  5:03  Siege Tank, SCV x2  
  61  5:12  Starport Reactor, SCV  
  60  5:19  SCV  
  61  5:23  Bunker  
  61  5:24  Marine  
  61  5:25  Marine x3  
  61  5:26  SCV  
  61  5:27  SCV  
  67  5:31  Barracks  
  67  5:32  Barracks  
  67  5:34  Supply Depot  
  67  5:36  SCV  
  67  5:39  Siege Tank  
  67  5:41  SCV  
  72  5:47  Marine x4  
  72  5:48  SCV  
  72  5:52  Orbital Command  
  72  5:53  SCV  
  72  5:54  Supply Depot  
  72  6:00  Marine  
  72  6:02  Medivac  
  75  6:05  Marine x2  
  77  6:12  Engineering Bay x2  
  77  6:15  Medivac, Marine x2  
  77  6:16  SCV  
  77  6:18  Marine  
  83  6:20  SCV  
  83  6:22  Barracks Reactor x2  
  83  6:23  Marine x2  
  83  6:24  Supply Depot  
  85  6:31  SCV  
  84  6:33  Marine  
  85  6:45  Marine x2, SCV  
Tags
 
Add a new tag
Caveats
  • Supply blocks, unpowered buildings, or Contaminate may cause inaccurate times.
  • Supply counts are checked every 10 seconds.